 Dungeon Crawl Stone Soup version 0.16-a0-282-ga87e286 (webtiles) character file.

16947 Ratboiler the Cruncher (level 12, -20/67 HPs)
             Began as a Vine Stalker Gladiator on Aug 27, 2014.
             Was a Priest of Ashenzari.
             Killed from afar by a fire crab (28 damage)
             ... with a blast of flame
             ... on Level 5 of the Lair of Beasts.
             The game lasted 00:45:48 (10956 turns).

Ratboiler the Cruncher (Vine Stalker Gladiator)    Turns: 10956, Time: 00:45:48

HP -20/67        AC 13     Str 17      XL: 12   Next: 42%
MP   0/22        EV 18     Int 11      God: Ashenzari [***...]
Gold 783         SH  0     Dex 21      Spells:  0 memorised, 11 levels left

rFire  . . .     SeeInvis +     b - +1 glaive (vamp) (curse)
rCold  . . .     Clarity  +     t - +2 ring mail {rPois} (curse)
rNeg   . . .     rCorr    .     (no shield)
rPois  +         rRot     +     L - +2 helmet {Int+3} (curse)
rElec  .         Spirit   +     z - +0 cloak (curse)
SustAb .         Warding  .     (no gloves)
rMut   .         Stasis   .     (no boots)
Gourm  .                        (no amulet)
MR     +....                    y - ring of wizardry
                                e - ring of invisibility

@: somewhat resistant to hostile enchantments, very unstealthy
A: fangs 3, regeneration 3, magic shield, antimagic bite, no device heal 3, rot
immunity
a: Renounce Religion, Evoke Invisibility


You were on level 5 of the Lair of Beasts.
You worshipped Ashenzari.
Ashenzari was most pleased with you.
You were not hungry.

You visited 3 branches of the dungeon, and saw 14 of its levels.

You collected 783 gold pieces.

Inventory:

Hand weapons
 a - a +4 quarterstaff of chaos
 b - a cursed +1 vampiric glaive (weapon)
Missiles
 d - a throwing net (quivered)
Armour
 t - a cursed +2 ring mail of poison resistance (worn)
 z - a cursed +0 cloak (worn)
 F - a +1 scale mail of fire resistance
 L - a cursed +2 helmet of intelligence (worn)
Magical devices
 c - a wand of heal wounds (4)
 g - a wand of fire (3)
 u - a wand of digging (6)
 w - a wand of draining (8)
 A - a wand of invisibility (2)
 E - a wand of flame (10)
 I - a wand of enslavement (11)
 M - a wand of random effects (7)
 O - a wand of disintegration (9)
 R - a wand of disintegration (5)
Comestibles
 f - 7 bread rations
 m - 6 meat rations
 S - a rotting chunk of fire drake flesh
 T - a rotting chunk of blink frog flesh
Scrolls
 i - 3 scrolls of enchant armour {unknown}
 n - 4 scrolls of immolation {unknown}
 p - a scroll of fog {unknown}
 q - 2 scrolls of noise {unknown}
 s - a scroll of recharging {unknown}
 v - a scroll of curse armour
 C - 2 scrolls of enchant weapon {unknown}
 D - 2 scrolls of random uselessness {unknown}
 G - 2 scrolls of fear {unknown}
 H - a scroll of vulnerability {unknown}
 J - a scroll of amnesia {unknown}
 K - 2 scrolls of magic mapping {unknown}
 N - 3 scrolls of teleportation {unknown}
 P - a scroll of remove curse
 U - 3 scrolls of curse jewellery
 V - 2 scrolls of curse weapon
Jewellery
 e - a ring of invisibility (left hand)
 k - an uncursed amulet of the gourmand
 y - a ring of wizardry (right hand)
Potions
 h - 10 potions of curing
 j - 2 potions of flight {unknown}
 l - a potion of resistance
 o - a potion of lignification {unknown}
 r - 2 potions of mutation
 x - a potion of restore abilities
 B - a potion of cure mutation {unknown}


   Skills:
 * Level 9.5 Fighting
 + Level 10.6 Staves
 - Level 1.7 Throwing
 + Level 7.1(9.1) Armour
 + Level 7.9(9.8) Dodging
 + Level 4.9 Evocations


You had 11 spell levels left.
You didn't know any spells.

Dungeon Overview and Level Annotations

Branches:
Dungeon (8/15)             Temple (1/1) D:7            Lair (5/8) D:8
  Swamp (0/5) Lair:5
  Snake: Lair:3-6    Spider: Lair:3-6

Altars:
Ashenzari
Dithmenos
Elyvilon
Gozag
Makhleb
Okawaru
Qazlal
Sif Muna
Trog
Yredelemnul

Shops:
D:4 *

Annotations:
D:5 inmateoo's ghost, experienced NaGl


Innate Abilities, Weirdness & Mutations

You have razor-sharp teeth.
You regenerate.
When hurt, damage is shared between your health and your magic reserves.
Your bite disrupts and absorbs the magic of your enemies.
Potions and wands cannot restore your health.
You are immune to rotting.


Message History

You drain its power.
You feel invigorated.
The fire crab is lightly wounded.
The fire crab closely misses you. The fire crab claws you!
You are engulfed in flames!
* * * LOW HITPOINT WARNING * * *
You slash the fire crab!
You feel better.
The fire crab is lightly wounded.
The fire crab bites you.
You are engulfed in flames!
* * * LOW HITPOINT WARNING * * *
The fire crab claws you.
* * * LOW HITPOINT WARNING * * *
You are engulfed in flames!
* * * LOW HITPOINT WARNING * * *
The fire crab closely misses you. The fire crab barely misses you.
Your ring mail prevents you from hitting the fire crab.
You bite the fire crab. You drain its power.
You feel invigorated.
The fire crab is moderately wounded.
The fire crab breathes flames at you. The blast of flame engulfs you!
You die...

....# #...............
.....###..............
.....P#..............#
.......P...#.....##.... *
............##.#.#......
........#....#)P........
%......P...###...:......
*....#....................
#.....t@.....<..........
#.###P.###.............. *
### #..............
#..>...........
#..............
###............
#............ *
###.......... *
#..#.......


You could see a fire crab.

Vanquished Creatures
  Maud (Lair:3)
  A death yak (Lair:3)
  The ghost of TAS2012 the Covert, an experienced OpAs of Dithmenos (D:7)
  Joseph (Lair:1)
  A torpor snail (Lair:3)
  4 spiny frogs
  2 black mambas
  4 fire drakes
  3 komodo dragons
  2 polar bears (Lair:4)
  9 blink frogs
  4 yaks (Lair:3)
  7 wolves
  Edmund (D:6)
  5 hippogriffs
  7 water moccasins
  5 porcupines
  An ice beast (D:5)
  A sky beast (D:7)
  A necrophage (D:7)
  6 ogres
  8 crocodiles
  A black bear (Lair:4)
  3 orc warriors
  2 centaurs
  10 giant frogs
  A gnoll sergeant (D:5)
  2 scorpions
  3 wights (D:6)
  4 hounds
  5 crimson imps
  A centaur skeleton (D:7)
  7 orc priests
  A giant frog zombie (D:6)
  Crazy Yiuf (D:6)
  An elf skeleton (D:7)
  A giant frog skeleton (D:4)
  13 orc wizards
  8 iguanas
  2 worker ants
  3 gnolls (D:7)
  17 adders
  66 green rats
  A giant mite (D:4)
  A worm (D:4)
  2 goliath beetle zombies
  An adder skeleton (D:4)
  3 giant geckos
  2 oozes
  35 orcs
  7 hobgoblins
  15 jackals
  13 kobolds
  11 quokkas
  13 bats
  3 giant cockroaches
  2 giant newts
  12 goblins
  A quokka skeleton (D:6)
  13 rats
362 creatures vanquished.

Vanquished Creatures (others)
  An electric eel (Lair:4)
  A hobgoblin (D:5)
  2 green rat zombies (Lair:1)
4 creatures vanquished.

Grand Total: 366 creatures vanquished

Notes
Turn   | Place    | Note
--------------------------------------------------------------
     0 | D:1      | Ratboiler, the Vine Stalker Gladiator, began the quest for the Orb.
     0 | D:1      | Reached XP level 1. HP: 11/11 MP: 1/1
   200 | D:1      | Reached XP level 2. HP: 10/15 MP: 3/3
   550 | D:2      | Reached skill level 3 in Staves
   721 | D:2      | Reached XP level 3. HP: 16/18 MP: 4/4
  1764 | D:3      | Reached XP level 4. HP: 21/23 MP: 5/5
  1888 | D:3      | Reached skill level 1 in Armour
  1903 | D:3      | Reached XP level 5. HP: 17/27 MP: 7/7
  2018 | D:3      | Found a deep blue altar of Sif Muna.
  2077 | D:3      | Reached skill level 4 in Staves
  2384 | D:4      | Noticed an ogre
  2595 | D:4      | Noticed an ogre
  2612 | D:3      | Gained mutation: You heal very quickly. [vine stalker growth]
  2612 | D:3      | Reached XP level 6. HP: 12/32 MP: 6/8
  2765 | D:4      | Found a white marble altar of Elyvilon.
  2765 | D:4      | Killed an ogre
  2908 | D:4      | Killed an ogre
  2908 | D:4      | Reached skill level 5 in Staves
  2908 | D:4      | Reached XP level 7. HP: 36/36 MP: 9/9
  3107 | D:4      | Noticed an ogre
  3294 | D:4      | Killed an ogre
  3406 | D:4      | Found Taud's Assorted Antiques.
  3659 | D:4      | Noticed an ogre
  3691 | D:4      | Killed an ogre
  3691 | D:4      | Gained mutation: You have razor-sharp teeth. [vine stalker growth]
  3691 | D:4      | Reached XP level 8. HP: 32/42 MP: 7/11
  4021 | D:5      | Entered Level 5 of the Dungeon
  4106 | D:5      | Reached skill level 6 in Staves
  4110 | D:5      | Noticed inmateoo's ghost (experienced NaGl)
  5050 | D:6      | Noticed Edmund
  5075 | D:6      | Killed Edmund
  5184 | D:6      | Found a bloodstained altar of Trog.
  5258 | D:6      | Reached skill level 7 in Staves
  5321 | D:6      | Reached XP level 9. HP: 44/46 MP: 12/12
  5331 | D:6      | Reached skill level 5 in Fighting
  5394 | D:6      | Noticed Crazy Yiuf
  5401 | D:6      | Killed Crazy Yiuf
  5588 | D:7      | Found a staircase to the Ecumenical Temple.
  5600 | D:7      | Reached skill level 5 in Dodging
  5607 | Temple   | Entered the Ecumenical Temple
  5635 | Temple   | Became a worshipper of Ashenzari the Shackled
  5809 | D:7      | Noticed TAS2012's ghost (experienced OpAs)
  5837 | D:7      | Killed TAS2012's ghost
  5837 | D:7      | Reached skill level 8 in Staves
  5862 | D:7      | HP: 2/48 [poisoned by TAS2012's ghost]
  6388 | D:7      | Reached XP level 10. HP: 51/53 MP: 13/13
  6813 | D:8      | Found a staircase to the Lair.
  6870 | D:8      | Reached skill level 9 in Staves
  7198 | Lair:1   | Entered Level 1 of the Lair of Beasts
  7258 | Lair:1   | Noticed Joseph
  7271 | Lair:1   | Killed Joseph
  7271 | Lair:1   | Reached skill level 5 in Armour
  7761 | Lair:1   | Reached skill level 10 in Staves
  8251 | Lair:2   | Noticed a black mamba
  8255 | Lair:2   | Killed a black mamba
  8255 | Lair:2   | Reached XP level 11. HP: 55/58 MP: 15/15
  8362 | Lair:2   | Noticed a five-headed hydra
  8415 | Lair:3   | Noticed Maud
  8428 | Lair:3   | Reached skill level 1 in Evocations
  8460 | Lair:3   | Killed Maud
  8647 | Lair:3   | Acquired Ashenzari's first power
  8812 | Lair:3   | Noticed a five-headed hydra
  8833 | Lair:3   | Noticed a death yak
  9042 | Lair:3   | Killed a death yak
  9792 | Lair:4   | Gained mutation: You regenerate. [vine stalker growth]
  9792 | Lair:4   | Reached XP level 12. HP: 50/66 MP: 21/21
 10273 | Lair:5   | Found a staircase to the Swamp.
 10375 | Lair:5   | Acquired Ashenzari's second power
 10956 | Lair:5   | Killed from afar by a fire crab

Action                   |  1- 3 |  4- 6 |  7- 9 | 10-12 || total
-------------------------+-------+-------+-------+-------++-------
Melee: Quarterstaff      |   118 |    99 |   321 |   359 ||   897
       Glaive            |       |       |       |   261 ||   261
 Fire: Blowgun           |       |    10 |    25 |       ||    35
Throw: Throwing net      |       |       |     3 |       ||     3
Evoke: Wand              |       |       |     7 |     7 ||    14
  Use: Scroll            |       |       |     4 |    11 ||    15
       Potion            |       |       |       |     2 ||     2
 Stab: Paralysed         |       |       |     1 |     3 ||     4
       Petrifying        |       |       |       |     2 ||     2
  Eat: Chunk             |     3 |     2 |     9 |    13 ||    27
       Fruit             |       |     2 |     2 |       ||     4
       Beef jerky        |       |       |       |     2 ||     2
       Meat ration       |       |       |       |     1 ||     1
